 Dungeon Crawl Stone Soup version 0.17.2-1-ge4368a0 (webtiles) character file.

437 Goblin1989 the Insei (level 7, -5/37 HPs)
             Began as a Vine Stalker Monk on Oct 16, 2016.
             Was a Believer of Cheibriados.
             Slain by a hill giant
             ... wielding a +0 giant club
              (29 damage)
             ... on level 8 of the Dungeon.
             The game lasted 00:16:27 (1390 turns).

Goblin1989 the Insei (Vine Stalker Monk)            Turns: 1390, Time: 00:16:27

Health: -5/37      AC:  9    Str: 20    XL:     7   Next: 1%
Magic:  0/8        EV: 11    Int: 15    God:    Cheibriados [**....]
Gold:   49         SH:  0    Dex: 22    Spells: 0 memorised, 6 levels left

rFire  . . .     SeeInvis .       - Unarmed
rCold  . . .     Clarity  .     t - +0 scale mail
rNeg   . . .     SustAt   .     (no shield)
rPois  .         Gourm    .     r - +0 helmet
rElec  .         Spirit   +     (no cloak)
rCorr  .         Warding  .     h - +0 pair of gloves
rMut   .         Stasis   .     l - +0 pair of boots
MR     .....                    (no amulet)
Stlth  +.........               (no ring)
                                (no ring)

@: very slow, not resistant to hostile enchantments, very unstealthy
A: fangs 2, regeneration 2, magic shield, antimagic bite, no device heal 3, rot
immunity
a: Bend Time, Renounce Religion


You were on level 8 of the Dungeon.
You worshipped Cheibriados.
Cheibriados was pleased with you.
You were not hungry.

You visited 2 branches of the dungeon, and saw 9 of its levels.

You collected 49 gold pieces.

Inventory:

Hand Weapons
 a - the +8 trident of the Octopus King {venom, rElec rPois MR+}
   (You found it on level 5 of the Dungeon)

   It poisons the flesh of those it strikes.
   It insulates you from electricity.
   It protects you from poison.
   It affects your resistance to hostile enchantments.
Armour
 h - a +0 pair of gloves (worn)
 l - a +0 pair of boots (worn)
 r - a +0 helmet (worn)
 t - a +0 scale mail (worn)
Wands
 s - a wand of teleportation (3) {!v, @v4}
Scrolls
 c - 2 scrolls of fog {unknown}
 f - 2 scrolls of teleportation {unknown}
 g - 2 scrolls of blinking {unknown}
 j - a scroll of immolation {unknown}
 m - a scroll of amnesia {unknown}
 u - a scroll of enchant armour {unknown}
 w - a scroll of noise {unknown}
Potions
 e - a potion of might {unknown}
 k - a potion of invisibility
 n - a potion of poison {unknown}
 q - a potion of curing {@q1}
Books
 o - a book of the Dragon

   Spells                             Type                      Level
   a - Flame Tongue                   Conjuration/Fire             1
   b - Cause Fear                     Hexes                        4
   c - Bolt of Fire                   Conjuration/Fire             6
   d - Dragon Form                    Transmutation                7
   e - Dragon's Call                  Summoning                    9
Comestibles
 b - 4 bread rations {@e1}
 p - a beef jerky


   Skills:
 + Level 3.7 Fighting
 + Level 1.9 Armour
 - Level 2.4 Dodging
 - Level 2.4 Stealth
 * Level 7.0 Unarmed Combat
 + Level 0.0 Spellcasting


You had 6 spell levels left.
You didn't know any spells.

Dungeon Overview and Level Annotations

Branches:
Dungeon (8/15)             Temple (1/1) D:7
   Lair: D:8-11

Altars:
Ashenzari
Cheibriados
Dithmenos
Elyvilon
Fedhas
Kikubaaqudgha
Makhleb
Nemelex Xobeh
Okawaru
Qazlal
Ru
Sif Muna
Vehumet
Xom
Yredelemnul
Zin


Innate Abilities, Weirdness & Mutations

You have extremely sharp teeth.
You heal very quickly.
When hurt, damage is shared between your health and your magic reserves.
Your bite disrupts and absorbs the magic of your enemies.
Potions and wands cannot restore your health.
You are immune to rotting.


Message History

Unknown command.
Okay, then.
Unknown command.
MP restored: 8 Health restored: 37 A hill giant comes into view.
It is wielding a giant club.
The hill giant shouts!
You hit the hill giant. Your bite misses the hill giant.
The hill giant is lightly wounded.
The hill giant hits you with a giant club!
You take 14 damage, and have 23/37 hp.
MASSIVE DAMAGE!!
You now have 5/8 mp.
You hit the hill giant but do no damage.
You bite the hill giant, but do no damage.
The hill giant is lightly wounded.
You hit the hill giant but do no damage.
You bite the hill giant. You drain its power.
You feel invigorated.
The hill giant is lightly wounded.
The hill giant hits you with a giant club!!!
Ouch! That really hurt!
You die...

....ਜਜਜਜ.. .ਜ..
..ਜਜ.ਜਜ..ਜ ਜ ...
ਜਜਜ.....ਜਜ . ਜਜ.
..ਜਜਜ.....ਜਜ ਜ. ਜਜ..
.........ਜ ਜ.ਜਜਜ..ਜ
ਜ....ਜਜਜ.ਜਜਜ ਜ......ਜ
ਜ..ਜ ਜ.... ਜ......ਜ
ਜਜ.ਜਜਜਜਜ.... ਜ....C@ਜਜ
ਜਜ.....ਜਜਜ...
ਜ....ਜ..ਜਜਜ.ਜਜਜ.......ਜ
....ਜ ਜਜ..ਜ.ਜਜ
ਜ........ ਜਜ. ਜਜਜ.ਜਜ
ਜ....ਜ.ਜਜ ਜ.ਜ ਜ..ਜਜਜ.ਜ
ਜਜਜ ਜਜ.ਜਜ ਜ.ਜ ਜ.ਜਜ ...
ਜਜਜ .ਜਜ


You could see a hill giant.

Vanquished Creatures
  An ice beast (D:8)
  A giant frog (D:6)
  A giant frog zombie (D:5)
  3 orc wizards
  A giant frog skeleton (D:6)
  2 worker ants
  A hound zombie (D:8)
  Robin (D:4)
  2 adders
  An ooze (D:3)
  A worm (D:2)
  8 orcs
  2 ball pythons (D:2)
  2 giant cockroaches (D:3)
  4 hobgoblins
  9 jackals
  A bat (D:1)
  13 goblins
  A jackal zombie (D:5)
  6 kobolds
  3 quokkas
  A rat (D:3)
65 creatures vanquished.

Vanquished Creatures (others)
  A worker ant (D:4)
  A worm (D:4)
  An orc (D:4)
3 creatures vanquished.

Grand Total: 68 creatures vanquished

Notes
Turn   | Place    | Note
--------------------------------------------------------------
     0 | D:1      | Goblin1989 the Vine Stalker Monk began the quest for the Orb.
     0 | D:1      | Reached XP level 1. HP: 11/11 MP: 2/2
   155 | D:3      | Reached XP level 2. HP: 16/16 MP: 3/3
   266 | D:3      | Reached XP level 3. HP: 14/19 MP: 4/4
   326 | D:3      | Reached skill level 5 in Unarmed Combat
   724 | D:3      | Found a shadowy altar of Dithmenos.
   727 | D:3      | Found a basalt altar of Yredelemnul.
   776 | D:3      | Found a stormy altar of Qazlal.
   876 | D:4      | Noticed Robin
   906 | D:4      | Reached XP level 4. HP: 12/23 MP: 3/5
   918 | D:4      | Killed Robin
   967 | D:3      | Found a shattered altar of Ashenzari.
   999 | D:5      | Entered Level 5 of the Dungeon
  1088 | D:6      | Noticed a giant frog
  1098 | D:6      | Killed a giant frog
  1098 | D:6      | Reached skill level 1 in Armour
  1098 | D:6      | Reached skill level 6 in Unarmed Combat
  1098 | D:6      | Reached XP level 5. HP: 9/28 MP: 3/6
  1118 | D:7      | Found a staircase to the Ecumenical Temple.
  1127 | Temple   | Entered the Ecumenical Temple
  1201 | D:7      | Found a snail-covered altar of Cheibriados.
  1209 | D:7      | Became a worshipper of Cheibriados the Contemplative
  1209 | D:7      | Reached * piety under Cheibriados
  1209 | D:7      | Reached ** piety under Cheibriados
  1218 | D:7      | Gained mutation: You heal very quickly. [Vine Stalker growth]
  1218 | D:7      | Reached XP level 6. HP: 20/32 MP: 4/7
  1272 | D:8      | Found a sacrificial altar of Ru.
  1356 | D:8      | Reached skill level 7 in Unarmed Combat
  1356 | D:8      | Reached XP level 7. HP: 20/37 MP: 5/8
  1387 | D:8      | Noticed a hill giant
  1390 | D:8      | Slain by a hill giant

Action                   |  1- 3 |  4- 6 |  7- 9 || total
-------------------------+-------+-------+-------++-------
Melee: Unarmed           |    96 |    88 |     3 ||   187
  Use: Scroll            |       |     3 |       ||     3
 Stab: Sleeping          |     4 |       |       ||     4
       Invisible         |       |     1 |       ||     1
  Eat: Chunk             |       |     1 |       ||     1

Vault maps used:
D:1:      dpeg_arrival_arbitrary_b
D:2:      st_stairs_2
D:3:      lemuel_upstairs_altar, marbit_many_paths, minitemple, first_bread
D:4:      minmay_splitting_lines, xom_confusion_cloud, uniq_robin
D:5:      basic_altar
D:6:      kennysheep_mini_moat, basic_altar
D:7:      old_standard_altar, kennysheep_mini, cheibriados_altar_1,
          minmay_temple_entry_grid, grunt_livestock, uniq_prince_ribbit1
D:8:      nicolae_ru_great_annihilating_truth
Temple:   triangle_lava_temple_11
